 Dungeon Crawl Stone Soup version 0.20.1-1-g8b1a95d (webtiles) character file.

132308 Gremour the Fencer (level 16, -3/199 HPs)
             Began as a Demonspawn Fighter on Nov 25, 2017.
             Was a High Priest of Qazlal.
             Slain by a wolf spider (12 damage)
             ... on level 3 of the Spider Nest on Nov 26, 2017.
             The game lasted 02:56:22 (28409 turns).

Gremour the Fencer (Demonspawn Fighter)            Turns: 28409, Time: 02:56:24

Health: -3/199     AC:  8    Str: 22    XL:     16   Next: 57%
Magic:  22/22      EV: 20    Int: 20    God:    Qazlal [*****.]
Gold:   2786       SH:  0    Dex: 20    Spells: 15/15 levels left

rFire    + + .     SeeInvis +   a - +4 triple sword of Ifuzar {flame, rElec MR+}
rCold    + + .     Gourm    .   (shield currently unavailable)
rNeg     + . .     Faith    .   k - +0 storm dragon scales
rPois    +         Spirit   .   j - +0 helmet
rElec    +         Reflect  .   I - +2 cloak
rCorr    +         Harm     .   v - +0 pair of gloves
MR       ++...                  (boots unavailable)
Stlth    ..........             u - amulet of rage
Regen    1.5/turn               O - ring of Ijyz {*Drain +Fly rC+ Int+8}
MPRegen  0.2/turn               C - ring of positive energy

@: confused, mighty, agile, berserking (expiring), silence (expiring),
resistant, protected from physical damage, corroded, flying (expiring), slowed,
drained, repel missiles
A: fangs 1, hooves 3, see invisible, clumsy 1, fire resistance 1, low mp 1,
poison resistance, powered by death 2, powered by pain 2, no potion heal 1,
sturdy frame 2
a: Renounce Religion, Evoke Berserk Rage


You were on level 3 of the Spider Nest.
You worshipped Qazlal.
Qazlal was extremely pleased with you.
You were very hungry.

You visited 5 branches of the dungeon, and saw 27 of its levels.
You visited 1 bazaar.
You also visited: Sewer and Ice Cave.

You collected 2786 gold pieces.

Inventory:

Hand Weapons
 a - the +4 triple sword of Ifuzar (weapon) {flame, rElec MR+}
   (You found it on level 11 of the Dungeon)

   It has been specially enchanted to burn those struck by it, causing extra
   injury to most foes and up to half again as much damage against particularly
   susceptible opponents.
   Big, fiery blades are also staple armaments of hydra-hunters.
   It insulates you from electricity.
   It affects your resistance to hostile enchantments.
Armour
 j - a +0 helmet (worn)
 k - +0 storm dragon scales (worn)
 v - a +0 pair of gloves (worn)
 I - a +2 cloak (worn)
Jewellery
 l - an uncursed ring of protection from fire
 m - an uncursed amulet of harm
 o - an uncursed amulet of guardian spirit
 u - an amulet of rage (around neck)
 B - the ring "Zias Soon" {rC+ Int+3}
   (You found it on level 5 of the Dungeon)

   [ring of intelligence]

   It affects your intelligence (+3).
   It protects you from cold.
 C - a ring of positive energy (right hand)
 O - the ring of Ijyz (left hand) {*Drain +Fly rC+ Int+8}
   (You found it in a bazaar)

   [ring of flight]

   It affects your intelligence (+8).
   It protects you from cold.
   It lets you fly.
   It causes draining when unequipped.
Wands
 c - a wand of iceblast (9/15)
 p - a wand of random effects (33/48)
 t - a wand of clouds (5/9)
 y - a wand of lightning (13/15)
 J - a wand of flame (25/48)
 U - a wand of acid (15/15)
Scrolls
 b - 2 scrolls of amnesia
 i - 7 scrolls of identify
 s - 7 scrolls of magic mapping
 D - 2 scrolls of immolation
 G - 3 scrolls of remove curse
 H - 5 scrolls of teleportation
 N - 3 scrolls of blinking
 T - a scroll of fear
Potions
 d - a potion of might
 e - 5 potions of curing
 W - a potion of invisibility
Miscellaneous
 n - a phial of floods
 x - a lightning rod (2/4)
Comestibles
 f - 21 bread rations
 q - 9 fruits
 r - 9 meat rations
 A - 12 royal jellies


   Skills:
 - Level 14.0(13.1) Fighting
 + Level 16.5(15.6) Long Blades
 - Level 11.0(10.2) Armour
 * Level 9.0(8.3) Dodging
   Level 6.2(5.5) Shields
 * Level 12.3(11.5) Invocations
 - Level 6.4(5.7) Evocations


You had 15 spell levels left.
You didn't know any spells.

Dungeon Overview and Level Annotations

Branches:
Dungeon (15/15)            Temple (1/1) D:5            Lair (6/6) D:10
 Spider (3/4) Lair:4        Slime (0/5) Lair:6          Orc (2/2) D:9
    Elf (0/3) Orc:2        Vaults (0/5) D:14         Depths (0/5) D:15
  Swamp: Lair:2-4    Shoals: Lair:2-4

Altars:
Ashenzari
Cheibriados
Dithmenos
Elyvilon
Fedhas
Gozag
Hepliaklqana
Kikubaaqudgha
Makhleb
Nemelex Xobeh
Okawaru
Qazlal
Ru
Sif Muna
Trog
Uskayaw
Vehumet
Xom
Yredelemnul
Zin
The Shining One
Beogh
Lugonu

Shops:
D:9 :   Orc:1 ?   Orc:2 (!*(

Annotations:
D:11 exclusions: ice statue and orange crystal statue
Lair:6 exclusion: 3 oklob plants


Innate Abilities, Weirdness & Mutations

You have hooves in place of feet.
You regenerate health from kills.
You sometimes gain power by taking damage.
Your movements are less encumbered by armour. (ER -4)
You have very sharp teeth.
You have supernaturally acute eyesight. (SInv)
You are clumsy. (Dex -2)
Your flesh is heat resistant. (rF+)
Your magical capacity is low. (-10% MP)
Your system is resistant to poisons. (rPois)
Potions are less effective at restoring your health.


Message History

The power of Zot is invoked against you!
You feel clumsy.
You feel less energetic.
Your body is distorted in a weirdly horrible way!
There is a Zot trap here.
Unknown command.
* * * LOW HITPOINT WARNING * * *
The jumping spider dies!
The power of Zot is invoked against you!
You are confused.
You feel yourself slow down.
The entropy weaver casts a spell.
There is a Zot trap here.
Unknown command.
You slice the entropy weaver!! You burn the entropy weaver!
Your kick misses the entropy weaver.
You bite the entropy weaver, but do no damage.
The entropy weaver is almost dead.
The twister disappears in a puff of smoke!
The wolf spider hits you!
You die...

######....(.............
##................. ## ##
##...............^ ^##§##
####........#.... .§§§##
#^.......##### ..###.#§§####
#........^...# ..§§#§§§§3#
#...........##
..#§§§#†sa###........#####
...§#§#§§@###.....####...#
#§§§§§§§###©.....^....^.
..§§#§#§§§###.......[....#
^...#§§^#§§§###............#
^^. §.#§§§§§# #.............
.. ##.#.^#### #............#
# ..^.# #........##..#
^##.## ##........##### ##
#..............


You could see an entropy weaver, a soul eater and a wolf spider.

Vanquished Creatures
  Arachne (Spider:2)
  Rupert (Lair:3)
  Kirke (D:14)
  The ghost of AdmiralAndromeda the Earth Mage, an adept GrEE of Vehumet (Spider:1)
  A reaper (IceCv)
  An ettin (Orc:1)
  Josephine (Spider:1)
  A fire dragon (D:15)
  The ghost of Ymberto the Fighter, a journeyman HuFi of Okawaru (D:10)
  An ice dragon (D:15)
  3 catoblepae (Lair:6)
  8 hydras
  6 centaur warriors
  15 two-headed ogres
  2 ogre magi (Orc:2)
  5 death yaks (Lair:6)
  A tengu warrior (D:14)
  Sonja (D:13)
  Nergalle (Lair:1)
  5 skeletal warriors
  2 deep trolls (Orc:2)
  A swamp dragon (shapeshifter) (D:14)
  10 wolf spiders
  6 deep elf magi
  13 ugly things
  The ghost of ucho the Cleaver, a novice MiBe of Trog (D:6)
  A necromancer (D:14)
  2 orc sorcerers (Orc:1)
  A wolf spider zombie (D:13)
  6 orb spiders
  2 orc knights
  5 manticores
  2 oklob plants (Lair:1)
  7 elephants
  10 cyclopes
  5 centaur zombies
  A merfolk siren (Lair:4)
  3 black mambas
  2 ice statues (IceCv)
  2 torpor snails
  2 gargoyles
  7 spiny frogs
  4 centaur skeletons
  8 ice devils (IceCv)
  8 rime drakes
  A yaktaur (D:14)
  4 kobold demonologists
  2 komodo dragons
  3 freezing wraiths
  9 demonic crawlers
  12 jumping spiders
  16 trolls
  A queen bee (Lair:5)
  2 tengu conjurers
  A polar bear (Lair:2)
  2 meliai (Lair:5)
  The ghost of Ymberto the Cudgeler, an amateur HuFi (D:4)
  6 hornets
  5 slime creatures (D:14)
  8 hippogriffs
  17 blink frogs
  A meliai zombie (D:11)
  Sigmund (D:5)
  A water elemental (D:15)
  3 wyverns
  18 tarantellas
  30 redbacks
  A spriggan (D:7)
  35 yaks
  A shadow (D:14)
  A hog (D:14)
  6 wraiths
  A fire bat (shapeshifter) (D:14)
  12 vampire mosquitoes
  A warg (Orc:2)
  Edmund (D:4)
  An acid dragon (D:14)
  17 water moccasins
  6 porcupines
  6 ice beasts
  21 orc warriors
  5 sky beasts
  4 black bears
  An eye of draining (D:14)
  3 phantoms
  A boggart (D:14)
  2 necrophages (D:13)
  27 ogres
  6 wolves
  20 centaurs
  9 crocodiles
  5 big kobolds
  23 bullfrogs
  2 wyvern zombies (D:14)
  A scorpion (Lair:2)
  A wyvern skeleton (D:14)
  15 killer bees
  2 electric eels (Spider:2)
  4 howler monkeys
  5 crimson imps
  3 quasits
  9 hounds
  9 orc priests
  Crazy Yiuf (D:3)
  A bullfrog skeleton (D:6)
  2 iguanas (D:10)
  19 orc wizards
  Ijyb (D:3)
  Terence (D:3)
  Natasha (thrice) (D:3)
  10 worker ants
  2 hound zombies
  2 hound skeletons (D:10)
  A howler monkey zombie (D:5)
  3 worker ant zombies
  Robin (D:4)
  A howler monkey skeleton (D:11)
  27 adders
  5 shadow imps
  8 white imps (IceCv)
  9 ufetubi (IceCv)
  4 oozes
  4 adder skeletons
  3 worms
  3 dart slugs
  11 leopard geckos
  73 orcs
  7 bats
  8 giant cockroaches
  17 goblins
  18 hobgoblins
  14 jackals
  11 kobolds
  3 quokkas
  3 ball pythons (Sewer)
  7 frilled lizards
  10 rats
  A butterfly (Lair:3)
  A fungus (Lair:3)
  A plant (Lair:1)
875 creatures vanquished.

Vanquished Creatures (collateral kills)
  An oklob plant (Lair:1)
  A meliai (Lair:5)
  A plant (Lair:1)
3 creatures vanquished.

Vanquished Creatures (others)
  A deep elf knight (D:14)
  A yaktaur (D:14)
  A jumping spider (Spider:3)
  4 humans (D:14)
  A bullfrog (D:14)
  A white imp (IceCv)
  An ufetubus (IceCv)
  2 fungi
  8 plants
20 creatures vanquished.

Grand Total: 898 creatures vanquished

Notes
Turn   | Place    | Note
-------+----------+-------------------------------------------
     0 | D:1      | Gremour the Demonspawn Fighter began the quest for the Orb.
     0 | D:1      | Reached XP level 1. HP: 18/18 MP: 1/1
    19 | D:1      | Reached skill level 2 in Long Blades
    91 | D:1      | Gained mutation: You have large cloven feet. [demonic ancestry]
    91 | D:1      | Reached XP level 2. HP: 14/24 MP: 2/2
   382 | D:1      | Reached skill level 3 in Long Blades
   612 | D:1      | Reached XP level 3. HP: 22/29 MP: 3/3
  1054 | D:2      | Found a shadowy altar of Dithmenos.
  1187 | D:2      | Gained mutation: You have hoof-like feet. [demonic ancestry]
  1187 | D:2      | Reached XP level 4. HP: 26/35 MP: 4/4
  1306 | D:2      | Reached skill level 4 in Long Blades
  1821 | D:2      | Found a sparkling altar of Nemelex Xobeh.
  1947 | D:2      | Found a glowing golden altar of the Shining One.
  1965 | D:2      | Found a bloodstained altar of Trog.
  2055 | D:2      | Found an ancient bone altar of Kikubaaqudgha.
  2453 | D:3      | Found a sacrificial altar of Ru.
  2513 | D:3      | Noticed Terence
  2543 | D:3      | Killed Terence
  2543 | D:3      | Reached XP level 5. HP: 28/41 MP: 5/5
  2634 | D:3      | Reached skill level 5 in Long Blades
  2659 | D:3      | Noticed Natasha
  2664 | D:3      | Killed Natasha
  2721 | D:3      | Noticed Natasha
  2728 | D:3      | Killed Natasha
  2774 | D:3      | Noticed Ijyb
  2790 | D:3      | Killed Ijyb
  2837 | D:3      | Noticed Natasha
  2910 | D:3      | Gained mutation: You regenerate a little health from kills. [demonic ancestry]
  2910 | D:3      | Reached XP level 6. HP: 32/47 MP: 6/6
  2972 | D:3      | Killed Natasha
  2972 | D:3      | Reached skill level 6 in Long Blades
  3074 | D:3      | Found a runed door.
  3078 | D:3      | Noticed Crazy Yiuf
  3085 | D:3      | Killed Crazy Yiuf
  3250 | D:4      | Found a glowing drain.
  3271 | Sewer    | Entered a sewer
  3525 | Sewer    | Reached skill level 7 in Long Blades
  3525 | Sewer    | Reached XP level 7. HP: 28/52 MP: 7/7
  3680 | D:4      | Noticed Robin
  3721 | D:4      | Killed Robin
  3792 | D:4      | Noticed Ymberto's ghost (amateur HuFi)
  3807 | D:4      | Killed Ymberto's ghost
  4025 | D:4      | Reached skill level 8 in Long Blades
  4111 | D:4      | Noticed Edmund
  4147 | D:4      | Killed Edmund
  4519 | D:4      | Found a radiant altar of Vehumet.
  4661 | D:4      | Found a blossoming altar of Fedhas.
  4951 | D:5      | Entered Level 5 of the Dungeon
  4961 | D:5      | Reached XP level 8. HP: 52/58 MP: 8/8
  5040 | D:5      | Reached skill level 9 in Long Blades
  5235 | D:5      | Noticed Sigmund
  5264 | D:5      | Killed Sigmund
  5367 | D:5      | Got a faintly glowing steel ring
  5369 | D:5      | Identified the ring "Zias Soon" {rC+ Int+3} (You found it on level 5 of the Dungeon)
  5372 | D:5      | Reached skill level 10 in Long Blades
  5613 | D:5      | Found a staircase to the Ecumenical Temple.
  5640 | D:5      | Gained mutation: You are robust. (+10% HP) [mutagenic meat]
  5641 | D:5      | Gained mutation: You are very robust. (+20% HP) [mutagenic meat]
  5771 | D:5      | Found a snail-covered altar of Cheibriados.
  5783 | D:5      | Found a deep blue altar of Sif Muna.
  6104 | Temple   | Entered the Ecumenical Temple
  6221 | D:6      | Noticed ucho's ghost (novice MiBe)
  6275 | D:6      | Killed ucho's ghost
  6275 | D:6      | Reached skill level 11 in Long Blades
  6275 | D:6      | Gained mutation: You regenerate health from kills. [demonic ancestry]
  6275 | D:6      | Reached XP level 9. HP: 75/75 MP: 9/9
  7051 | D:7      | Reached skill level 12 in Long Blades
  7647 | D:7      | Found a basalt altar of Yredelemnul.
  7700 | D:7      | Found a white marble altar of Elyvilon.
  8122 | D:8      | Reached skill level 5 in Fighting
  8122 | D:8      | Reached XP level 10. HP: 78/88 MP: 10/10
  8418 | D:8      | Noticed a two-headed ogre
  8439 | D:8      | Killed a two-headed ogre
  8820 | D:9      | Found a stormy altar of Qazlal.
  8824 | D:9      | Became a worshipper of Qazlal Stormbringer
  8832 | D:9      | Found a shattered altar of Ashenzari.
  8839 | D:9      | Found an opulent altar of Gozag.
  8846 | D:9      | Found a glowing silver altar of Zin.
  8924 | D:9      | Found Xiucaf's Book Shoppe.
  9172 | D:9      | Reached skill level 13 in Long Blades
  9205 | D:9      | Found a roughly hewn altar of Beogh.
  9205 | D:9      | Found a staircase to the Orcish Mines.
  9640 | D:9      | Got a shimmering long sword {flame}
  9642 | D:9      | Identified the +1 long sword of Rafeel Upso {flame, *Contam MP+9 Dex+4} (You took it off an orc on level 9 of the Dungeon)
  9661 | D:9      | Gained mutation: You tend to lose your temper in combat. [mutagenic glow]
  9693 | D:9      | Noticed a four-headed hydra
  9700 | D:9      | Killed a one-headed hydra
  9841 | D:9      | Noticed a two-headed ogre
  9849 | D:9      | Killed a two-headed ogre
 10277 | D:9      | Reached * piety under Qazlal
 10573 | D:10     | Entered Level 10 of the Dungeon
 10588 | D:10     | Gained mutation: You sometimes gain a little power by taking damage. [demonic ancestry]
 10588 | D:10     | Reached XP level 11. HP: 92/100 MP: 11/11
 10600 | D:10     | Noticed a two-headed ogre
 10655 | D:10     | Killed a two-headed ogre
 10953 | D:10     | Found a staircase to the Lair.
 10988 | D:10     | Lost mutation: You are very robust. (+20% HP) [potion of mutation]
 10988 | D:10     | Lost mutation: You tend to lose your temper in combat. [potion of mutation]
 10988 | D:10     | Lost mutation: You are robust. (+10% HP) [potion of mutation]
 10988 | D:10     | Gained mutation: You tend to lose your temper in combat. [potion of mutation]
 10988 | D:10     | Gained mutation: You have supernaturally acute eyesight. (SInv) [potion of mutation]
 11066 | D:10     | Noticed a two-headed ogre
 11081 | D:10     | Killed a two-headed ogre
 11410 | D:10     | Noticed an orc knight
 11423 | D:10     | Killed an orc knight
 11423 | D:10     | Reached skill level 14 in Long Blades
 11580 | D:10     | Noticed Ymberto's ghost (journeyman HuFi)
 11604 | D:10     | Killed Ymberto's ghost
 11604 | D:10     | Reached skill level 5 in Shields
 11701 | D:11     | Got a scorched triple sword
 11707 | D:11     | Identified the +4 triple sword of Ifuzar {flame, rElec MR+} (You found it on level 11 of the Dungeon)
 11709 | D:11     | Lost mutation: You tend to lose your temper in combat. [mutagenic glow]
 11721 | D:11     | Reached ** piety under Qazlal
 11887 | D:11     | Noticed a brown ugly thing
 11894 | D:11     | Killed a brown ugly thing
 12127 | D:11     | Noticed an orange crystal statue
 12254 | D:11     | Reached skill level 1 in Dodging
 13025 | D:12     | Noticed a two-headed ogre
 13044 | D:12     | Reached skill level 5 in Armour
 13078 | D:12     | Killed a two-headed ogre
 13177 | D:12     | Noticed an eight-headed hydra
 13183 | D:12     | Killed a four-headed hydra
 13183 | D:12     | Gained mutation: You sometimes gain power by taking damage. [demonic ancestry]
 13183 | D:12     | Reached XP level 12. HP: 62/92 MP: 6/12
 13315 | D:12     | Noticed a six-headed hydra
 13321 | D:12     | Killed a three-headed hydra
 13365 | D:12     | Gained mutation: You are frail. (-10% HP) [mutagenic meat]
 13366 | D:12     | Gained mutation: You are clumsy. (Dex -2) [mutagenic meat]
 13367 | D:12     | Gained mutation: Your mind is acute. (Int +2) [mutagenic meat]
 13368 | D:12     | Gained mutation: Your flesh is heat resistant. (rF+) [mutagenic meat]
 13427 | D:12     | Reached *** piety under Qazlal
 13449 | D:12     | Reached skill level 1 in Invocations
 13455 | D:12     | Gained mutation: Your spells are a little easier to cast, but a little less powerful. [mutagenic meat]
 13456 | D:12     | Lost mutation: Your mind is acute. (Int +2) [mutagenic meat]
 13541 | D:12     | Reached skill level 1 in Evocations
 13887 | D:13     | Noticed a centaur warrior
 14032 | D:12     | Killed a centaur warrior
 14043 | D:13     | Noticed a two-headed ogre
 14061 | D:12     | Killed a two-headed ogre
 14061 | D:12     | Reached skill level 5 in Dodging
 14399 | D:13     | Noticed a two-headed ogre
 14399 | D:13     | Reached skill level 5 in Invocations
 14417 | D:12     | Killed a two-headed ogre
 14488 | D:13     | Reached **** piety under Qazlal
 14647 | D:13     | Noticed Sonja
 14656 | D:13     | Killed Sonja
 15025 | D:13     | Gained mutation: Your movements are slightly less encumbered by armour. (ER -2) [demonic ancestry]
 15025 | D:13     | Reached XP level 13. HP: 45/88 MP: 18/18
 15296 | D:13     | Gained mutation: Potions are less effective at restoring your health. [mutagenic meat]
 15297 | D:13     | Gained mutation: You have hooves in place of feet. [mutagenic meat]
 15438 | D:14     | Reached skill level 5 in Evocations
 16961 | D:14     | Reached ***** piety under Qazlal
 16976 | D:14     | Reached skill level 15 in Long Blades
 16990 | D:14     | Lost mutation: Your spells are a little easier to cast, but a little less powerful. [mutagenic meat]
 16991 | D:14     | Lost mutation: You are frail. (-10% HP) [mutagenic meat]
 16992 | D:14     | Lost mutation: You have hooves in place of feet. [mutagenic meat]
 16993 | D:14     | Lost mutation: You are clumsy. (Dex -2) [mutagenic meat]
 17004 | D:14     | Gained mutation: Your system is resistant to poisons. (rPois) [mutagenic meat]
 17005 | D:14     | Gained mutation: You have very sharp teeth. [mutagenic meat]
 17058 | D:14     | Found a gate to the Vaults.
 17165 | D:14     | Gained mutation: You have hooves in place of feet. [demonic ancestry]
 17165 | D:14     | Reached XP level 14. HP: 99/108 MP: 20/20
 17191 | D:14     | Noticed Kirke
 17284 | D:14     | Killed Kirke
 17328 | D:14     | Found a gateway to a bazaar.
 17334 | Bazaar   | Entered a bazaar
 17336 | Bazaar   | Got the ring of Ijyz {+Fly}
 17348 | Bazaar   | Found Qaijeiwk's Distillery.
 17379 | Bazaar   | Found Ugyn's Distillery.
 17400 | Bazaar   | Identified the ring of Ijyz {*Drain +Fly rC+ Int+8} (You found it in a bazaar)
 17405 | Bazaar   | Found Seoss's Gadget Emporium.
 17430 | Bazaar   | Found Neogeupo's Gadget Emporium.
 17820 | D:15     | Entered Level 15 of the Dungeon
 18466 | D:15     | Found a staircase to the Depths.
 18737 | Lair:1   | Entered Level 1 of the Lair of Beasts
 18987 | Lair:1   | Noticed Nergalle
 19001 | Lair:1   | Killed Nergalle
 19016 | Lair:1   | Reached skill level 10 in Fighting
 19256 | Lair:1   | Got a warped spear
 19257 | Lair:1   | Identified the +8 spear "Dozipi" {speed, rF+ Int-2 Dex+3} (You found it on level 1 of the Lair of Beasts)
 20984 | Lair:3   | Noticed Rupert
 20993 | Lair:3   | Killed Rupert
 21141 | Lair:3   | Found a frozen archway.
 21172 | IceCv    | Entered an ice cave
 21319 | IceCv    | Noticed a reaper
 21347 | IceCv    | HP: 7/166 [reaper/scythe of freezing (26)]
 21348 | IceCv    | Killed a reaper
 21781 | IceCv    | Got a scorched demon whip
 21782 | IceCv    | Identified the +7 demon whip of Ruination {drain, rPois rF++ Int-3 Dex-4} (You found it in an ice cave)
 22202 | Lair:3   | Gained mutation: Your movements are less encumbered by armour. (ER -4) [demonic ancestry]
 22202 | Lair:3   | Reached XP level 15. HP: 97/118 MP: 22/22
 22371 | Lair:4   | Reached skill level 10 in Invocations
 22596 | Lair:4   | Found a hole to the Spider Nest.
 23032 | Lair:5   | Reached skill level 10 in Armour
 23599 | Lair:6   | Entered Level 6 of the Lair of Beasts
 24486 | Lair:6   | Reached ****** piety under Qazlal
 24506 | Lair:6   | Got a scintillating lapis lazuli ring
 24508 | Lair:6   | Identified the ring "Exuhin" {rElec rPois rC- MP+9 Str+7} (You found it on level 6 of the Lair of Beasts)
 24512 | Lair:6   | Got a steaming hand axe
 24513 | Lair:6   | Identified the +1 hand axe of Dismay {speed, *Drain rF+ rN++} (You found it on level 6 of the Lair of Beasts)
 24668 | Lair:6   | Found a staircase to the Slime Pits.
 24879 | Orc:1    | Entered Level 1 of the Orcish Mines
 25087 | Orc:2    | Entered Level 2 of the Orcish Mines
 25108 | Orc:2    | Found a staircase to the Elven Halls.
 25625 | Orc:2    | Found Seskonee's Assorted Antiques.
 25626 | Orc:2    | Found Xuatados's Antique Weapon Shop.
 25629 | Orc:2    | Found Putres's Antique Weapon Boutique.
 25631 | Orc:2    | Found Foghei's Distillery.
 25976 | Orc:1    | Reached XP level 16. HP: 131/131 MP: 24/24
 26002 | Orc:1    | Found Kioleuj's Magic Scroll Boutique.
 26385 | Spider:1 | Entered Level 1 of the Spider Nest
 26453 | Spider:1 | Noticed AdmiralAndromeda's ghost (adept GrEE)
 26475 | Spider:1 | Killed AdmiralAndromeda's ghost
 26946 | Spider:1 | Noticed Josephine
 26954 | Spider:1 | Killed Josephine
 27813 | Spider:2 | Reached skill level 16 in Long Blades
 27824 | Spider:2 | Noticed Arachne
 27843 | Spider:2 | Killed Arachne
 28255 | Spider:3 | Found a transporter.
 28403 | Spider:3 | HP: 4/133 [soul eater/drain life[the power of Zot] (7)]
 28407 | Spider:3 | Gained mutation: You are clumsy. (Dex -2) [the power of Zot]
 28407 | Spider:3 | Gained mutation: Your magical capacity is low. (-10% MP) [the power of Zot]
 28408 | Spider:3 | HP: 8/199 [twister/tornado[the power of Zot] (5)]
 28409 | Spider:3 | Slain by a wolf spider

Skill      XL: |  1  2  3  4  5  6  7  8  9 10 11 12 13 14 15 16 |
---------------+-------------------------------------------------+-----
Long Blades    | 2 3 4 5 7 8 11 12 13 14 15 16 | 16.5
Fighting       | 5 7 8 9 11 13 14 | 14.0
Shields        | 3 6 |  6.2
Armour         | 6 7 8 9 11 | 11.0
Dodging        | 3 6 7 8 9 |  9.0
Invocations    | 6 8 9 11 12 | 12.3
Evocations     | 4 6 |  6.4

Action                   |  1- 3 |  4- 6 |  7- 9 | 10-12 | 13-15 | 16-18 || total
-------------------------+-------+-------+-------+-------+-------+-------++-------
Melee: Long sword        |   116 |   217 |   465 |   295 |       |       ||  1093
       Kick              |    16 |    59 |   153 |    85 |   359 |    73 ||   745
       Triple sword      |       |       |       |   382 |   929 |   199 ||  1510
       Bite              |       |       |       |       |   110 |    34 ||   144
Invok: Elemental Force   |       |       |       |       |     5 |       ||     5
       Disaster Area     |       |       |       |       |     1 |     3 ||     4
 Abil: Evoke Berserk Rag |       |       |       |       |     2 |     1 ||     3
       Evoke Flight      |       |       |       |       |     1 |       ||     1
Evoke: Lightning rod     |       |       |       |       |     2 |       ||     2
       Wand              |       |       |       |       |     1 |       ||     1
       Sack of spiders   |       |       |       |       |     2 |       ||     2
  Use: Scroll            |       |     6 |     4 |     4 |    12 |     2 ||    28
       Potion            |       |     1 |     4 |    12 |     4 |     7 ||    28
 Stab: Invisible         |       |       |       |     4 |       |       ||     4
  Eat: Chunk             |     1 |     8 |    16 |    29 |    33 |     3 ||    90
       Meat ration       |       |       |       |     1 |     2 |     1 ||     4
       Fruit             |       |       |       |       |     6 |       ||     6
       Royal jelly       |       |       |       |       |     1 |       ||     1
Armor: Scale mail        |    67 |    26 |       |       |       |       ||    93
       Ring mail         |       |     8 |       |       |       |       ||     8
       Chain mail        |       |   101 |   214 |   461 |   207 |       ||   983
       Skin              |       |       |    19 |       |       |       ||    19
       Plate armour      |       |       |       |       |    19 |       ||    19
       Storm dragon scal |       |       |       |       |   279 |   232 ||   511
Dodge: Dodged            |    28 |    42 |    48 |   269 |   583 |   211 ||  1181
       Deflected         |       |       |       |     2 |    34 |     2 ||    38
Block: Shield            |    59 |   109 |   166 |   109 |       |       ||   443
       Other             |       |       |       |    66 |   325 |   128 ||   519
       Reflection        |       |       |       |       |     2 |       ||     2
       Rpst.: Long sword |     8 |    11 |    19 |     7 |       |       ||    45
       Triple sword      |       |       |       |    42 |   160 |    40 ||   242
